 Dungeon Crawl Stone Soup version bcrawl-1.12-8-g964540c432 (webtiles) character file.

Game seed: 11366680401486812456

3944 MisterOstroum the Fighter (level 10, -4/159 HPs)
             Began as a Troll Berserker on June 9, 2019.
             Was an Elder of Trog.
             Slain by a meliai
             ... wielding a +0 hand axe
              (8 damage)
             ... on level 8 of the Dungeon.
             The game lasted 00:27:14 (5104 turns).

MisterOstroum the Fighter (Troll Berserker)         Turns: 5104, Time: 00:27:14

Health: -4/159     AC:  8    Str: 35    XL:     10   Next: 1%
Magic:  10/10      EV: 11    Int:  4    God:    Trog [****..]
Gold:   161        SH:  0    Dex:  9    Spells: 9/9 levels left

rFire    . . .     SeeInvis .     - Unarmed
rCold    . . .     Gourm    +   (no shield)
rNeg     . . .     Faith    .   (armour unavailable)
rPois    .         Spirit   .   (helmet restricted)
rElec    .         Reflect  .   (no cloak)
rCorr    .         Harm     .   (gloves unavailable)
MR       .....                  (boots unavailable)
Stlth    ..........             (no amulet)
HPRegen  0.76/turn              (no ring)
MPRegen  0.12/turn              (no ring)

@: berserking, lethally poisoned (-4 -> -4), hasted, drained, very quick
A: large, almost no armour, unfitting armour, claws 3, fast metabolism 3,
gourmand, regeneration 1, AC +8
a: Berserk, Trog's Hand, Brothers in Arms, Renounce Religion


You were on level 8 of the Dungeon.
You worshipped Trog.
Trog was greatly pleased with you.
You were very full.

You visited 1 branch of the dungeon, and saw 8 of its levels.

You collected 462 gold pieces.
You spent 301 gold pieces at shops.

Inventory:

Missiles
 c - 1267 stones (quivered)
 s - 81 tomahawks
 y - 154 steel javelins
 D - 433 arrows
 E - 147 silver javelins
Armour
 x - +0 gold dragon scales
Jewellery
 p - the ring "Meteloagg" {rN++ EV+2 Int+2, unknown}
   (You found it on level 7 of the Dungeon)

   [ring of evasion]

   It affects your evasion (+2).
   It affects your intelligence (+2).
   It greatly protects you from negative energy.
 H - an uncursed ring of resist corrosion {unknown}
Wands
 z - a wand of random effects (13)
 J - a wand of digging (9)
Scrolls
 b - 3 scrolls of immolation
 d - a scroll of vulnerability {unknown}
 i - 2 scrolls of magic mapping {unknown}
 k - 3 scrolls of fog
 l - 4 scrolls of remove curse {@r2}
 n - 4 scrolls of teleportation {@r3 !r}
 r - a scroll of enchant armour {unknown}
 B - a scroll of blinking {unknown}
 C - a scroll of enchant weapon {unknown}
 F - a scroll of silence
 G - a scroll of noise
 I - a scroll of identify {@r1}
 K - a scroll of amnesia {unknown}
Potions
 a - a potion of mutation
 f - 2 potions of brilliance
 g - 2 potions of might
 j - a potion of invisibility {unknown}
 m - a potion of curing {unknown}
 o - a potion of berserk rage
 q - 2 potions of resistance
 t - a potion of agility {unknown}
 u - a potion of heal wounds {unknown}
 v - 2 potions of flight
 w - a potion of lignification {unknown}
 A - a potion of ambrosia
Comestibles
 e - 13 rations {!d}


   Skills:
 * Level 8.5(7.5) Fighting
 - Level 5.2(4.3) Throwing
 - Level 5.0(4.1) Dodging
 * Level 7.2(6.3) Unarmed Combat
 + Level 2.0(1.2) Evocations


You had 9 spell levels left.
You didn't know any spells.
Your spell library was empty.

Dungeon Overview and Level Annotations

Branches:
Dungeon (8/12)             Temple (0/1) D:6
   Lair: D:7-10         Orc: D:8-11

Altars:
Cheibriados
Elyvilon
Fedhas
Hepliaklqana
Lugonu
Trog
Vehumet
Xom

Shops:
D:6 ?


Innate Abilities, Weirdness & Mutations

You cannot wear most types of armour.
Your thick skin is tough. (AC +8)
You are too large for most types of armour.
You have claws for hands.
Your metabolism is lightning-fast.
You like to eat raw meat.
Your natural rate of healing is unusually fast.


Message History

A troll comes into view.
The troll shouts!
The big kobold shouts!
The kobold shouts!
You hear a shout!
You hear a howl!
You hear a bark!
A meliai comes into view. It is wielding a +0 hand axe.
A kobold comes into view.
The big kobold throws a stone.
The stone hits you but does no damage.
The meliai buzzes angrily.
The big kobold throws a stone.
The stone hits you but does no damage.
A wolf comes into view.
The kobold throws a stone.
The stone hits you.
The kobold shouts!
You hear a bark!
The wolf howls!
A meliai comes into view.
It is wielding a +2 hand axe of draining.
An orc comes into view. It is wielding a +0 hand axe.
You hear an angry buzzing noise.
You hear a bark!
The meliai buzzes angrily.
You scratch the big kobold.
The big kobold is lightly wounded.
The meliai invokes the aid of its god against you.
Something smites you!
A meliai comes into view.
It is wielding a +0 war axe of chopping.
The big kobold closely misses you.
You claw the big kobold!
The big kobold is almost dead.
A wolf comes into view.
The big kobold barely misses you.
A hound comes into view.
The meliai hits you with a +0 hand axe.
The meliai stings you but does no damage.
A hound comes into view.
You closely miss the big kobold.
The big kobold is almost dead.
The meliai hits you but does no damage.
The meliai stings you but does no damage.
The big kobold hits you with a +0 whip.
A hound comes into view.
The kobold hits you but does no damage.
You feel drained.
You scratch the big kobold.
You kill the big kobold!
Trog accepts your kill.
Your base Evocations skill increases to level 2!
The meliai closely misses you.
The meliai stings you but does no damage.
The troll bites you!
The troll claws you. x2; The kobold hits you.
The meliai calls down the wrath of its god upon you.
Something smites you! The kobold hits you but does no damage.
You feel drained.
You are too injured to fight recklessly!
You are too injured to fight recklessly!
You are too injured to fight recklessly!
You are too injured to fight recklessly!
You are too injured to fight recklessly!
You are too injured to fight recklessly!
You are too injured to fight recklessly!
You are too injured to fight recklessly!
You are too injured to fight recklessly!
You are too injured to fight recklessly!
You are too injured to fight recklessly!
You are too injured to fight recklessly!
You are too injured to fight recklessly!
You are too injured to fight recklessly!
You are too injured to fight recklessly!
You are too injured to fight recklessly!
You are too injured to fight recklessly!
The wolf pauses to sniff the ground.
The troll bites you but does no damage. The troll closely misses you.
The troll claws you but does no damage. The meliai hits you but does no damage.
The meliai stings you but does no damage.
The kobold hits you but does no damage.
You feel drained.
The meliai mumbles some strange prayers to its god against you.
Something smites you! The meliai barely misses you. The meliai misses you.
The meliai hits you with a +2 hand axe of draining.
You feel drained. The meliai barely misses you. The meliai closely misses you.
The meliai stings you! The meliai hits you but does no damage.
The meliai closely misses you. The meliai barely misses you.
The meliai stings you.
You are poisoned.
The meliai poisons you!
Okay, then.
Really quaff
h - a potion of haste {@q4 !q}?
You feel yourself speed up.
You feel sick. The meliai hits you with a +0 hand axe!
* * * LOW HITPOINT WARNING * * *
The meliai stings you but does no damage.
Press: ? - help, v - describe, . - travel
Here: a meliai, wielding a +0 hand axe and wearing a +0 robe The floor.
The meliai closely misses you. The meliai completely misses you.
You feel sick.
The meliai mumbles some strange prayers to its god against you.
Something smites you!
* * * LOW HITPOINT WARNING * * *
You feel sick.
The meliai mumbles some strange prayers to its god against you.
Something smites you!
* * * LOW HITPOINT WARNING * * *
It was a potion of berserk rage.
A red film seems to cover your vision as you go berserk!
You feel yourself moving faster!
You feel mighty!
You feel sick. The meliai hits you with a +0 hand axe!
You die...

.##.......## #.K)o......
......#....######.#
#.K.......
....###.#.........#
#..#.##### #####
#.#...#.########K..#######
#.#...#.# #hy.y........#
#.#...#.# #.##.#.......##
........## #.##.#.........
#........####y##..........#
#..#.##...@y..####.........
......#..####.............#
..<........##.####.........
#..####..#.##.# ##########
... .##..#.##.#
...........# #.#####.#### #
.... #.#.#


You could see 2 meliai.

Vanquished Creatures
  The ghost of Freyura the Covert, a novice DWGl of Dithmenos (D:7)
  Pikel (D:6)
  2 trolls
  Grinder (D:3)
  A wyvern (D:8)
  A hungry ghost (D:8)
  A sky beast (D:4)
  Purgy (D:3)
  An orc warrior (D:8)
  2 ogres (D:6)
  A phantom (D:8)
  A centaur (D:5)
  A big kobold (D:8)
  2 bullfrogs
  2 scorpions
  6 wights
  A quasit (D:6)
  A centaur zombie (D:5)
  3 orc priests (D:6)
  3 hounds
  5 orc wizards
  A bullfrog skeleton (D:7)
  9 worker ants
  An iguana (D:5)
  2 hound skeletons
  7 adders
  3 shadow imps
  An ooze (D:2)
  An adder skeleton (D:4)
  2 worms
  3 dart slugs
  8 leopard geckos
  24 orcs
  A ball python (D:2)
  3 giant cockroaches
  5 goblins (D:1)
  8 hobgoblins
  12 jackals
  2 quokkas
  5 bats
  4 frilled lizards
  8 kobolds
  2 rats (D:3)
150 creatures vanquished.

Notes
Turn   | Place    | Note
-------+----------+-------------------------------------------
     0 | D:1      | MisterOstroum the Troll Berserker began the quest for the
                  | Orb.
     0 | D:1      | Reached XP level 1. HP: 22/22 MP: 0/0
   164 | D:1      | Reached XP level 2. HP: 28/29 MP: 1/1
   523 | D:1      | Reached skill level 3 in Fighting
   574 | D:1      | Reached XP level 3. HP: 35/37 MP: 2/2
  1013 | D:2      | Found a white marble altar of Elyvilon.
  1052 | D:2      | Reached ** piety under Trog
  1354 | D:2      | Gained mutation: Your natural rate of healing is unusually
                  | fast. [Troll growth]
  1354 | D:2      | Reached XP level 4. HP: 41/45 MP: 3/3
  1661 | D:3      | Noticed Grinder
  1668 | D:3      | Paralysed by Grinder for 2 turns
  1674 | D:3      | Killed Grinder
  1674 | D:3      | Reached skill level 4 in Fighting
  1674 | D:3      | Reached XP level 5. HP: 52/54 MP: 4/4
  1743 | D:3      | Reached XP level 6. HP: 63/63 MP: 5/5
  1877 | D:3      | Found a faded altar of an unknown god.
  1900 | D:3      | Noticed Purgy
  1916 | D:3      | Killed Purgy
  2435 | D:4      | Reached skill level 5 in Fighting
  2435 | D:4      | Reached XP level 7. HP: 72/72 MP: 6/6
  2522 | D:4      | Reached skill level 5 in Unarmed Combat
  2678 | D:5      | Entered Level 5 of the Dungeon
  2678 | D:5      | Found a shimmering altar of Xom.
  2758 | D:5      | Found a bloodstained altar of Trog.
  2899 | D:5      | Reached *** piety under Trog
  2928 | D:5      | Reached skill level 1 in Throwing
  2961 | D:5      | Noticed a troll
  2969 | D:5      | Killed a troll
  2969 | D:5      | Reached skill level 6 in Fighting
  2969 | D:5      | Reached XP level 8. HP: 83/83 MP: 7/7
  3003 | D:5      | Found a corrupted altar of Lugonu.
  3012 | D:5      | Found a snail-covered altar of Cheibriados.
  3013 | D:5      | Found a shimmering altar of Xom.
  3013 | D:5      | Found a radiant altar of Vehumet.
  3023 | D:5      | Found a blossoming altar of Fedhas.
  3502 | D:6      | Reached skill level 5 in Dodging
  3666 | D:6      | Reached skill level 7 in Fighting
  3691 | D:6      | Noticed Pikel
  3702 | D:6      | Killed Pikel
  3702 | D:6      | Reached XP level 9. HP: 58/93 MP: 8/8
  3706 | D:6      | Reached **** piety under Trog
  3904 | D:6      | Found Ofoqemuer's Magic Scroll Boutique.
  3936 | D:6      | Bought a scroll of teleportation for 42 gold pieces
  3936 | D:6      | Bought a scroll of identify for 28 gold pieces
  3936 | D:6      | Bought a scroll of silence for 105 gold pieces
  3936 | D:6      | Bought a scroll of identify for 28 gold pieces
  3936 | D:6      | Bought a scroll of fog for 28 gold pieces
  3936 | D:6      | Bought a scroll of identify for 28 gold pieces
  3936 | D:6      | Bought a scroll of identify for 28 gold pieces
  3936 | D:6      | Bought a scroll of noise for 14 gold pieces
  4084 | D:6      | Found a staircase to the Ecumenical Temple.
  4184 | D:7      | Found a hazy altar of Hepliaklqana.
  4289 | D:7      | Got an ancient bone ring
  4426 | D:7      | Found a runed translucent gate.
  4426 | D:7      | Found a runed translucent gate.
  4426 | D:7      | Found a runed translucent gate.
  4427 | D:7      | Noticed Freyura's ghost (novice DWGl)
  4444 | D:7      | Killed Freyura's ghost
  4444 | D:7      | Reached skill level 8 in Fighting
  4444 | D:7      | Reached skill level 5 in Throwing
  4444 | D:7      | Reached skill level 1 in Evocations
  4730 | D:8      | Noticed a troll
  4739 | D:8      | Killed a troll
  5057 | D:8      | Reached XP level 10. HP: 96/106 MP: 10/10
  5103 | D:8      | HP: 3/106 [meliai/divine providence (14)]
  5104 | D:8      | Slain by a meliai

Skill      XL: |  1  2  3  4  5  6  7  8  9 10 |
---------------+-------------------------------+-----
Fighting       | 3 4 5 6 7 8 |  8.5
Dodging        | 3 4 5 |  5.0
Unarmed Combat | 4 5 7 |  7.2
Throwing       | 1 4 5 |  5.2
Evocations     | 1 2 |  2.0

Action                   |  1- 3 |  4- 6 |  7- 9 | 10-12 || total
-------------------------+-------+-------+-------+-------++-------
Melee: Unarmed           |   102 |    88 |   253 |     4 ||   447
       Punch             |     1 |     1 |     9 |       ||    11
Throw: Stone             |       |       |     7 |       ||     7
Invok: Berserk           |       |     2 |     6 |       ||     8
       Trog's Hand       |       |       |     1 |       ||     1
  Use: Scroll            |     2 |       |     9 |       ||    11
       Potion            |       |       |       |     2 ||     2
 Stab: Sleeping          |     2 |       |       |       ||     2
  Eat: Chunk             |    14 |     7 |    26 |       ||    47
Armor: Skin              |    37 |    37 |    80 |    13 ||   167
Dodge: Dodged            |    59 |    63 |   143 |    12 ||   277
